 Dungeon Crawl Stone Soup version 0.31-a0-441-g867994ef1c (webtiles) character file.

Game seed: 7265771640027865172

342 randomguy2701 the Chopper (level 6, -4/53 HPs)
             Began as a Hill Orc Fighter on Aug 3, 2023.
             Slain by Menkaure (15 damage)
             ... on level 5 of the Dungeon.
             The game lasted 00:03:15 (3611 turns).

randomguy2701 the Chopper (Hill Orc Fighter)        Turns: 3611, Time: 00:03:15

Health: -4/53      AC: 10    Str: 19    XL:     6   Next: 57%
Magic:  6/6        EV:  8    Int:  8    God:
Gold:   181        SH:  5    Dex: 18    Spells: 5/5 levels left

rFire   . . .        a - +0 war axe
rCold   . . .        c - +0 buckler
rNeg    . . .        s - +1 chain mail {Will+}
rPois   .            (no helmet)
rElec   .            (no cloak)
rCorr   .            (no gloves)
SInv    +            (no boots)
Will    +....        (no amulet) Stlth
                     n - ring of see invisible
HPRegen 0.28/turn    r - +6 ring of dexterity
MPRegen 0.10/turn

%: no passive effects
@: no status effects
A: no striking features
a: no special abilities


You were on level 5 of the Dungeon.
You visited 1 branch of the dungeon, and saw 5 of its levels.

You collected 181 gold pieces.

Inventory:

Hand Weapons
 a - a +0 war axe (weapon)
Armour
 c - a +0 buckler (worn)
 s - a +1 chain mail of willpower (worn)
Jewellery
 n - a ring of see invisible (left hand)
 r - a +6 ring of dexterity (right hand)
Wands
 o - a wand of paralysis (1)
Scrolls
 e - a scroll of amnesia {unknown}
 h - a scroll of vulnerability {unknown}
 i - 2 scrolls of fear {unknown}
 j - a scroll of enchant armour {unknown}
 k - 2 scrolls of identify {unknown}
 m - a scroll of immolation {unknown}
Potions
 d - a potion of might
 f - a potion of curing {unknown}
 g - 2 potions of degeneration {unknown}
 l - a potion of enlightenment {unknown}
 p - a potion of attraction {unknown}
 q - a potion of heal wounds {unknown}


   Skills:
 + Level 4.7 Fighting
 + Level 5.9 Axes
 + Level 4.8 Armour
 + Level 1.2 Dodging
 + Level 4.0 Shields


You had 5 spell levels left.
You didn't know any spells.
Your spell library contained the following spells:

 Spells                   Type           Power      Damage    Failure   Level
 Foxfire                  Conj/Fire      0%         2x1d4     99%         1
 Volatile Blastmotes      Fire/Tloc      0%         2d10      100%        3
 Fulminant Prism          Conj/Hex       0%         3d5       100%        4
 Iskenderun's Mystic Bla  Conj/Tloc      0%         2d3       100%        4
 Passage of Golubria      Tloc           0%         N/A       100%        4
 Silence                  Hex/Air        0%         N/A       100%        5
 Plasma Beam              Fire/Air       0%         2x1d10    100%        6
 Starburst                Conj/Fire      0%         6d3       100%        6
 Lehudib's Crystal Spear  Conj/Erth      0%         10d2      100%        8


Dungeon Overview and Level Annotations

Branches:
Dungeon (5/15)
 Temple: D:4-7

Altars:
Gozag
Qazlal
Yredelemnul

Annotations:
D:5 Menkaure


Message History

There is a stone staircase leading down here.
You see here a +0 dagger.
You see here a +1 chain mail of willpower.
s - a +1 chain mail of willpower You start removing your armour.
You continue taking off your +0 scale mail. x4
You finish taking off your +0 scale mail.
You start putting on your armour.
You continue putting on your +1 chain mail of willpower. x5
You finish putting on your +1 chain mail of willpower.
You feel strong-willed.
You drop a +0 scale mail.
You feel agile.
r - a +6 ring of dexterity (right hand) Search for what [Enter for "armor", or ? for help]? weapon Unknown command.
Unknown command.
(D) Dungeon
Where to? (Enter - D:4 @ (x,y), ? - help)
What level of the Dungeon? (default 1, ? - help)
You see here a +0 spear.
There is a stone staircase leading down, spattered with blood here.
You climb downwards.
Menkaure shouts!
Found a maw talisman.
Found a stormy altar of Qazlal and a basalt altar of Yredelemnul.
There is a stone staircase leading up here.
Menkaure is nearby!
Menkaure is nearby!
An iguana comes into view.
You see here a maw talisman.
The iguana hisses angrily.
Menkaure calls on the powers of darkness!
Your body is wracked with pain!
The iguana convulses!
You completely miss Menkaure. Menkaure hits you!
* * * LOW HITPOINT WARNING * * *
You slash Menkaure!
Menkaure is heavily damaged.
Menkaure hits you!
You die...

..## ...... .....#
...... ......#
###...... .
.......###........
##
.._8_.............
#
#............l....
#.................
#........◎@M......
#.....<..........
###...###........
#...# ##.......
...... #......
####. ...... ##
#....# ..###


You could see Menkaure and an iguana.

Vanquished Creatures
  Pargi (D:3)
  A hound (D:4)
  A gnoll bouda (D:4)
  A jelly (D:4)
  7 gnolls
  3 adders
  An ufetubus (D:4)
  4 orcs
  4 endoplasms
  4 giant cockroaches
  3 hobgoblins
  5 kobolds
  3 quokkas
  7 ball pythons
  2 bats
  3 frilled lizards
  7 goblins
  7 rats
64 creatures vanquished.

Notes
Turn   | Place    | Note
-------+----------+-------------------------------------------
     0 | D:1      | randomguy2701 the Hill Orc Fighter began the quest for the
                  | Orb.
     0 | D:1      | Reached XP level 1. HP: 19/19 MP: 1/1
   116 | D:1      | Reached XP level 2. HP: 22/27 MP: 2/2
   217 | D:1      | Reached skill level 3 in Axes
   341 | D:1      | Reached XP level 3. HP: 33/33 MP: 3/3
   923 | D:2      | Found a faded altar of an unknown god.
   925 | D:2      | Noticed a golden eye
   927 | D:2      | Noticed a floating eye
   975 | D:2      | You fall into a shaft and drop 2 floors!
  1011 | D:4      | Reached skill level 4 in Axes
  1011 | D:4      | Reached XP level 4. HP: 27/40 MP: 4/4
  1445 | D:3      | Noticed Pargi
  1457 | D:3      | Killed Pargi
  1458 | D:3      | Reached skill level 5 in Axes
  1458 | D:3      | Reached XP level 5. HP: 41/46 MP: 5/5
  1934 | D:2      | Noticed a floating eye
  1937 | D:2      | Noticed a shining eye
  2007 | D:2      | Reached skill level 1 in Dodging
  2338 | D:2      | Found an opulent altar of Gozag.
  2468 | D:4      | Reached XP level 6. HP: 22/53 MP: 6/6
  3205 | D:4      | Identified the +1 short sword "Rirchath" {flame, rF+ rC+}
  3485 | D:5      | Entered Level 5 of the Dungeon
  3606 | D:5      | Noticed Menkaure
  3606 | D:5      | Found a stormy altar of Qazlal.
  3606 | D:5      | Found a basalt altar of Yredelemnul.
  3611 | D:5      | Slain by Menkaure

Illustrated notes

Levels and vault maps discovered:
D:1:      lemuel_arrival_hallway, layout_loops_ring
D:2:      layout_loops_ring, basic_altar,
          hellmonk_ecumenical_altar_watching_god, grunt_ministairs_8,
          nrook_uturn, chequers_avenue, chequers_serial_rivers_small_3
D:3:      layout_basic, uniq_pargi
D:4:      layout_basic, roderic_roman_lattice, serial_park_tiny_pond
D:5:      layout_layer_cave, chequers_temple_overflow_statue_of_worship,
          minmay_temple_entry_enclosed_plants, kennysheep_decorative_pillar,
          uniq_eustachio, uniq_menkaure

Skill      XL: |  1  2  3  4  5  6 |
---------------+-------------------+-----
Fighting       | 4 |  4.7
Axes           | 3 4 5 |  5.9
Armour         | 4 |  4.8
Dodging        | 1 |  1.2
Shields        | 4 |  4.0

Action                     |  1- 3 |  4- 6 || total
---------------------------+-------+-------++-------
  Melee: War axe           |    79 |   102 ||   181
    Use: Potion            |     1 |       ||     1
 Armour: Scale mail        |    19 |    44 ||    63
  Dodge: Dodged            |    33 |    55 ||    88
  Block: Buckler           |    12 |    32 ||    44

Table legend: (Time is in decaauts)
 A = Elapsed time spent in this place.
 B = Non-inter-level travel time spent in this place.
 C = Inter-level travel time spent in this place.
 D = Time resting spent in this place.
 E = Time spent auto-exploring this place.
 F = Levels seen in this place.
 G = Mean time per level.
                   A        B        C        D        E       F      G
               +--------+--------+--------+--------+--------+-----+--------+
         Total |   3673 |   3438 |    235 |      0 |   2944 |   5 |  734.6 |
       Dungeon |   3673 |   3438 |    235 |      0 |   2944 |   5 |  734.6 |
               +--------+--------+--------+--------+--------+-----+--------+

Top non-repeatable levels by time:
     D:4: 1330 daAuts
     D:2: 831 daAuts
     D:1: 805 daAuts
     D:3: 699 daAuts
     D:5: 6 daAuts
